 Dungeon Crawl Stone Soup version 0.16-a0-922-gae79c9c (webtiles) character file.

210 JacquesDerrida the Bolt Thrower (level 5, -1/37 HPs)
             Began as a Demonspawn Arcane Marksman on Sept 30, 2014.
             Killed from afar by an orc wizard (4 damage)
             ... with a magic dart
             ... on Level 4 of the Dungeon.
             The game lasted 00:07:59 (1435 turns).

JacquesDerrida the Bolt Thrower (DsAM)              Turns: 1435, Time: 00:07:59

HP  -1/37        AC  3     Str 11      XL: 5   Next: 56%
MP   3/7         EV 18     Int 14      God:
Gold 86          SH  0     Dex 21      Spells:  1 memorised,  5 levels left

rFire  . . .     SeeInvis +     a - +0 hand crossbow
rCold  . . .     Clarity  .     p - +0 robe
rNeg   . . .     rCorr    .     (no shield)
rPois  .         rRot     .     (helmet restricted)
rElec  .         Spirit   .     (no cloak)
SustAb .         Warding  .     (no gloves)
rMut   .         Stasis   .     o - +0 pair of boots
Gourm  .                        (no amulet)
MR     .....                    (no ring)
                                h - ring of see invisible

@: agile, not resistant to hostile enchantments, fairly stealthy
A: horns 2, thin skeletal structure 1, powered by pain 1
a: no special abilities


You were on level 4 of the Dungeon.
You were hungry.

You visited 1 branch of the dungeon, and saw 4 of its levels.

You collected 86 gold pieces.

Inventory:

Hand weapons
 a - a +0 hand crossbow (weapon)
 b - a +2 hand axe of freezing
Missiles
 c - a bolt (quivered)
 s - 32 poisoned needles
Armour
 o - a +0 pair of boots (worn)
 p - a +0 robe (worn)
Comestibles
 f - 4 bread rations
 g - a fruit
 r - a beef jerky
Scrolls
 e - a scroll of amnesia {unknown}
 q - a scroll of teleportation {unknown}
 u - a scroll of remove curse {unknown}
 v - a scroll of enchant weapon {unknown}
Jewellery
 h - a ring of see invisible (left hand)
Potions
 j - a potion of resistance {unknown}
 l - a potion of restore abilities {unknown}
 m - a potion of flight {unknown}
 n - a potion of curing {unknown}
 t - a potion of might {unknown}
Books
 d - a book of Debilitation

   Spells                             Type                      Level
   *Corona                            Hexes                        1
   Slow                               Hexes                        2
   Inner Flame                        Hexes/Fire                   3
   Enslavement                        Hexes                        4
   Cause Fear                         Hexes                        4
   Leda's Liquefaction                Hexes/Earth                  4


   Skills:
 + Level 1.3 Fighting
 + Level 5.3 Crossbows
 - Level 1.7 Dodging
 - Level 1.0 Spellcasting
 - Level 3.0 Hexes


You had 5 spell levels left.
You knew the following spells:

 Your Spells              Type           Power        Failure   Level  Hunger
a - Corona                Hex            #......      10%         1    ##.....


Dungeon Overview and Level Annotations

Branches:
Dungeon (4/15)
 Temple: D:4-7

Altars:
Qazlal


Innate Abilities, Weirdness & Mutations

You have a pair of horns on your head.
You have a somewhat thin skeletal structure (Dex +2, Stealth).
You sometimes gain a little power by taking damage.


Message History

You shoot a bolt. The bolt barely misses the orc wizard.
The bolt hits the orc!
You kill the orc!
The orc wizard hits you with a dagger.
Firing (i - inventory):
c - 2 bolts (quivered)
Press: ? - help, Shift-Dir - straight line, f/p - orc wizard
Aim: an orc wizard, wielding a dagger and wearing a robe (moderately wounded, fast)
You shoot a bolt.
The bolt hits the orc wizard but does no damage.
The orc wizard is moderately wounded.
The orc wizard hits you with a dagger.
* * * LOW HITPOINT WARNING * * *
The orc wizard casts a spell at you. The magic dart hits you!
* * * LOW HITPOINT WARNING * * *
Drink which item? (? for menu, Esc to quit)
You feel more agile all of a sudden.
It was a potion of agility.
The orc wizard points at you and mumbles some strange words.
The magic dart hits you!
You die...

## ... .. #+# ...
#. #.# #.# #. #.#
#.# ###.##)## #.#
....#..g## #(#
#.<....# #o#
#.#...## #o#
###.##.#########@#
.....(..(..(.(.(.#
##################


You could see an orc priest and an orc wizard.

Vanquished Creatures
  Sigmund (D:2)
  Jessica (D:2)
  Terence (D:2)
  3 adders (D:2)
  4 worms
  3 giant geckos
  5 orcs
  2 giant cockroaches (D:1)
  9 goblins
  5 hobgoblins
  7 kobolds
  2 ball pythons (D:1)
  7 bats
  3 giant newts
  A quokka (D:2)
  4 rats
58 creatures vanquished.

Notes
Turn   | Place    | Note
--------------------------------------------------------------
     0 | D:1      | JacquesDerrida, the Demonspawn Arcane Marksman, began the quest for the Orb.
     0 | D:1      | Reached XP level 1. HP: 15/15 MP: 2/2
   136 | D:1      | Gained mutation: You have a pair of small horns on your head. [demonic ancestry]
   136 | D:1      | Reached XP level 2. HP: 16/21 MP: 3/3
   580 | D:2      | Gained mutation: You sometimes gain a little power by taking damage. [demonic ancestry]
   580 | D:2      | Reached XP level 3. HP: 16/26 MP: 4/4
   852 | D:2      | Noticed Jessica
   855 | D:2      | Killed Jessica
   855 | D:2      | Reached skill level 4 in Crossbows
   855 | D:2      | Gained mutation: You have a somewhat thin skeletal structure (Dex +2, Stealth). [demonic ancestry]
   855 | D:2      | Reached XP level 4. HP: 19/32 MP: 5/5
  1010 | D:2      | Noticed Sigmund
  1019 | D:2      | Noticed Terence
  1108 | D:2      | Killed Terence
  1152 | D:2      | Killed Sigmund
  1152 | D:2      | Reached skill level 5 in Crossbows
  1152 | D:2      | Gained mutation: You have a pair of horns on your head. [demonic ancestry]
  1152 | D:2      | Reached XP level 5. HP: 31/37 MP: 7/7
  1332 | D:3      | Found a stormy altar of Qazlal.
  1435 | D:4      | Killed from afar by an orc wizard

Action                   |  1- 3 |  4- 6 || total
-------------------------+-------+-------++-------
Melee: Hand axe          |       |     5 ||     5
 Fire: Hand crossbow     |    79 |    79 ||   158
  Use: Potion            |       |     3 ||     3
  Eat: Chunk             |       |     1 ||     1
